 Dungeon Crawl Stone Soup version 0.31.0-32-g396128a36d (webtiles) character file.

Game seed: 10597656926841713395

196 KittyFluff the Changeling (level 5, 0/49 HPs)
             Began as a Troll Shapeshifter on Apr 12, 2024.
             Slain by Robin
             ... wielding a +3 dagger of electrocution
              (6 damage)
             ... on level 2 of the Dungeon.
             The game lasted 00:06:24 (1414 turns).

KittyFluff the Changeling (Troll Shapeshifter)      Turns: 1414, Time: 00:06:24

Health: 0/49       AC:  4    Str: 24    XL:     5   Next: 46%
Magic:  4/4        EV: 10    Int:  6    God:
Gold:   57         SH:  0    Dex:  9    Spells: 4/4 levels left

rFire   . .          .
                       - Unarmed
rCold   . . .        (no shield)
rNeg    . . .        n - +0 robe
rPois   .            (helmet currently unavailable)
rElec   .            (cloak currently unavailable)
rCorr   .            (gloves unavailable)
SInv    .            (boots unavailable)
Will    .....        (no amulet)
Stlth   +            (no ring)
HPRegen 1.08/turn    (no ring)
MPRegen 0.09/turn

%: no passive effects
@: beast-form
A: beast (slay +2), large, unfitting armour, claws 3, regeneration 1, shaggy fur
1, tough skin 1
a: Begin Untransformation


You were on level 2 of the Dungeon.
You were a hulking beast.
You visited 1 branch of the dungeon, and saw 2 of its levels.

You collected 57 gold pieces.

Inventory:

Hand Weapons
 i - a +0 sling
 j - a +0 whip
Missiles
 k - 5 stones (quivered)
Armour
 n - a +0 robe (worn)
Talismans
 c - a beast talisman
 d - a flux talisman
Scrolls
 g - a scroll of noise
 h - a scroll of blinking {unknown}
 l - a scroll of identify
 m - a scroll of teleportation {unknown}
Potions
 b - a potion of lignification
 e - a potion of heal wounds
 f - a potion of brilliance {unknown}


   Skills:
 + Level 1.9 Fighting
 + Level 1.5 Throwing
 + Level 2.3 Dodging
 + Level 3.7 Unarmed Combat
 * Level 4.2 Shapeshifting


You had 4 spell levels left.
You didn't know any spells.
Your spell library contained the following spells:

 Spells                   Type           Power      Damage    Failure   Level
 Sandblast                Erth           0%         2d4       45%         1
 Passwall                 Erth           0%         N/A       83%         3
 Stone Arrow              Conj/Erth      0%         3d7       83%         3
 Brom's Barrelling Bould  Conj/Erth      0%         2d3       99%         4


Dungeon Overview and Level Annotations

Branches:
Dungeon (2/15)

Altars:
Nemelex Xobeh

Shops:
D:1 [!=**

Annotations:
D:2 Robin


Innate Abilities, Weirdness & Mutations

You are a hulking beast.
Your limbs bulge with bestial killing power. (Slay +2)
You are too large for most types of armour.
You have claws for hands.
Your natural rate of healing is unusually fast.
You are covered in fur. (AC +1)
You have tough skin. (AC +1)


Message History

Robin throws the goblin at you! The hobgoblin completely misses you.
The goblin hits you with a +0 club. x2; The goblin closely misses you.
You miss the goblin. Robin barely misses you. The hobgoblin barely misses you.
The goblin completely misses you. The goblin closely misses you.
The goblin hits you but does no damage. The goblin hits you with a +0 dagger.
You claw the goblin!
You kill the goblin!
Robin hits you with a +3 dagger of electrocution.
The hobgoblin closely misses you. The goblin hits you with a +0 club.
The goblin barely misses you. The goblin hits you with a +0 club.
Robin hits you with a +3 dagger of electrocution.
The hobgoblin hits you. The goblin hits you with a +0 club.
The goblin barely misses you. The goblin attacks as it pursues you!
The goblin closely misses you.
Items here: )) ††.
You scratch Robin.
Robin is lightly wounded.
Robin throws the goblin at you! The hobgoblin completely misses you.
The goblin hits you with a +0 club.
* * * LOW HITPOINT WARNING * * *
The goblin hits you with a +0 club.
* * * LOW HITPOINT WARNING * * *
The goblin barely misses you.
Okay, then.
As you read the scroll labelled ZAEWNOFFATA, it crumbles to dust.
You hear a loud clanging noise!
It was a scroll of noise.
Robin hits you with a +3 dagger of electrocution.
* * * LOW HITPOINT WARNING * * *
The hobgoblin closely misses you. The goblin hits you with a +0 club.
* * * LOW HITPOINT WARNING * * *
The goblin hits you with a +0 club.
* * * LOW HITPOINT WARNING * * *
The goblin barely misses you.
As you read the scroll labelled RECATUXZUM, it crumbles to dust.
It is a scroll of identify.
e - a potion of heal wounds Robin hits you with a +3 dagger of electrocution.
You die...
Robin lets out a smug laugh.

#. #.## # #. #.#
#..######## #.
#.# #.........#
#.# #.#########
#$# #.# # #.#
#)# #
.#############)#
#
......ggg......#
#
.......h.......#
#
.......gg......#
#
##############.#
# #.# #†# # #.#
#.# # #.# #.# #
#.# #.# # #.#
#.# # #.# #.#


You could see Robin, a hobgoblin (strong) and 3 goblins.

Vanquished Creatures
  Sigmund (D:2)
  A ribbon worm (D:2)
  3 endoplasms
  9 goblins
  3 hobgoblins (D:2)
  3 jackals (D:1)
  5 quokkas
  3 frilled lizards
  5 kobolds (D:1)
33 creatures vanquished.

Notes
Turn   | Place    | Note
-------+----------+-------------------------------------------
     0 | D:1      | KittyFluff the Troll Shapeshifter began the quest for the
                  | Orb.
     0 | D:1      | Reached XP level 1. HP: 18/18 MP: 0/0
    25 | D:1      | Found Jotewn's Distillery.
    30 | D:1      | Found Otoigiach's Jewellery Shoppe.
    34 | D:1      | Found Bihan's Antique Armour Boutique.
   184 | D:1      | Found Qurinlei's Assorted Antiques.
   189 | D:1      | Found Peosual's Assorted Antiques.
   191 | D:1      | Found a faded altar of an unknown god.
   206 | D:1      | Reached skill level 1 in Fighting
   244 | D:1      | Reached XP level 2. HP: 27/27 MP: 1/1
   493 | D:2      | Found a sparkling altar of Nemelex Xobeh.
   790 | D:2      | Noticed Sigmund
   810 | D:2      | Killed Sigmund
   811 | D:2      | Reached skill level 1 in Throwing
   811 | D:2      | Reached skill level 4 in Shapeshifting
   811 | D:2      | Reached XP level 3. HP: 24/35 MP: 2/2
   811 | D:2      | Reached XP level 4. HP: 28/42 MP: 3/3
   811 | D:2      | Reached XP level 5. HP: 33/49 MP: 4/4
  1402 | D:2      | Noticed Robin
  1414 | D:2      | Slain by Robin

Illustrated notes

Levels and vault maps discovered:
D:1:      amcnicky_arrival_double_pillar, layout_rooms, serial_shops,
          nicolae_square_shop, shop, shop, shop, shop, basic_ecumenical_altar
D:2:      layout_basic, basic_altar, serial_co_window_serial,
          co_window_corner_a, co_window_corner_a, co_window_corner_a,
          co_window_of_opportunity_a, co_window_paths_a, co_window_paths_a,
          co_window_paths_a, co_window_of_opportunity_a, co_window_corner_a,
          co_window_of_opportunity_c, co_window_broadway_c, co_window_cross_3,
          co_window_broadway_a, co_window_corner_b, co_window_broadway_b,
          co_window_paths_e, glass_columns_b, glass_columns_b, glass_columns_a,
          glass_columns_a, glass_columns_a, uniq_robin, uniq_sigmund

Skill      XL: |  1  2 |
---------------+-------+-----
Fighting       | 1 |  1.9
Throwing       | 1 |  1.5
Dodging        | 2 |  2.3
Shapeshifting  | 4 |  4.2
Unarmed Combat | |  3.7

Action                     |  1- 3 |  4- 6 || total
---------------------------+-------+-------++-------
  Melee: Unarmed           |    48 |    26 ||    74
    Use: Scroll            |       |     2 ||     2
 Armour: Animal skin       |    19 |       ||    19
         Robe              |     4 |    30 ||    34
  Dodge: Dodged            |    12 |    19 ||    31
